 Dungeon Crawl Stone Soup version 0.28-a0-1616-g050a50673c (webtiles) character file.

Game seed: 4756133717124364718

23 Shayle the Ducker (level 3, 0/29 HPs)
             Began as a Djinni Warper on Jan 23, 2022.
             Slain by a gnoll (6 damage)
             ... on level 1 of the Dungeon.
             The game lasted 00:03:02 (1306 turns).

Shayle the Ducker (Djinni Warper)                   Turns: 1306, Time: 00:03:03

Health: 0/29       AC:  3    Str: 10    XL:     3   Next: 12%
Gold:   63         EV: 12    Int: 16    God:
                   SH:  0    Dex: 12

rFire   + + .      SeeInvis .     - Unarmed
rCold   x . .      Faith    .   (no shield)
rNeg    . . .      Spirit   .   a - +0 leather armour
rPois   ∞          Reflect  .   (no helmet)
rElec   .          Harm     .   (no cloak)
rCorr   .          Rampage  .   (no gloves)
Will    .....                   (boots unavailable)
Stlth   +.........              (no amulet)
HPRegen 0.09/turn               (no ring)
MPRegen 0.00/turn               (no ring)

@: flying
A: sickness immunity, fire resistance 2, cold vulnerability 1, float, innate
caster, hp casting, extra vitality 1
a: no special abilities


You were on level 1 of the Dungeon.
You visited 1 branch of the dungeon, and saw 1 of its levels.

You collected 63 gold pieces.

Inventory:

Armour
 a - a +0 leather armour (worn)
 c - a +0 kite shield
Jewellery
 d - a ring of positive energy
Scrolls
 b - a scroll of blinking
 g - a scroll of identify
Potions
 e - a potion of curing {unknown}
 f - a potion of magic
 h - a potion of mutation {unknown}


   Skills:
 + Level 2.5 Fighting
 - Level 0.7 Throwing
 - Level 1.0 Armour
 + Level 2.7 Dodging
 + Level 1.1 Stealth
 - Level 2.0 Unarmed Combat
 - Level 2.4 Spellcasting


You couldn't memorise any spells.
You knew the following spells:

 Your Spells              Type           Power      Damage    Failure   Level
a - Blink                 Tloc           18%        N/A       16%         2
b - Lesser Beckoning      Tloc           9%         N/A       30%         3
c - Gell's Gravitas       Tloc           9%         N/A       30%         3
d - Teleport Other        Tloc           9%         N/A       30%         3
e - Manifold Assault      Tloc           9%         N/A       95%         5
f - Beastly Appendage     Tmut           18%        N/A       10%         1
Your spell library was empty.

Dungeon Overview and Level Annotations

Branches:
Dungeon (1/15)

Altars:

Shops:
D:1 [


Innate Abilities, Weirdness & Mutations

You are immune to sickness and miasma.
You are immune to poison.
Your flesh is very heat resistant. (rF++)
You are vulnerable to cold. (rC-)
You float through the air rather than walking.
You learn spells naturally, not from books.
Your magical power is your life essence.
You have superior vitality. (+4 MHP)


Message History

The gnoll is severely wounded.
The gnoll hits you with a +0 spear.
You hit the gnoll but do no damage.
The gnoll is severely wounded.
The gnoll barely misses you.
You closely miss the gnoll.
The gnoll is severely wounded.
The gnoll hits you with a +0 spear.
You barely miss the gnoll.
The gnoll is severely wounded.
The gnoll hits you but does no damage.
You completely miss the gnoll.
The gnoll is severely wounded.
The gnoll hits you but does no damage.
You hit the gnoll but do no damage.
The gnoll is severely wounded.
The gnoll closely misses you.
You barely miss the gnoll.
The gnoll is severely wounded.
The gnoll closely misses you.
You closely miss the gnoll.
The gnoll is severely wounded.
The gnoll hits you with a +0 spear.
* * * LOW HITPOINT WARNING * * *
You barely miss the gnoll.
The gnoll is severely wounded.
The gnoll hits you with a +0 spear.
* * * LOW HITPOINT WARNING * * *
You hit the gnoll.
The gnoll is severely wounded.
The gnoll barely misses you. The gnoll barely misses you.
Okay, then.
As you read the scroll labelled GANUWKU UNUORR, it crumbles to dust.
It is a scroll of identify.
f - a potion of magic The gnoll barely misses you.
Okay, then.
The gnoll hits you from afar with a +0 spear.
You die...

#.## #.## #..## #.#.
#.........####...##########...
+.........+...................
.........####...#########....
....... #........# ##.#.#.
..J.. #.#.####.# #.###.# .g.
#.#.## # ##.#.## #'# #.@..#
##.## ##.######..#.# #.#
#######......Jg....###.# #.#
#........#####.........# #.#
#.........## #.###.##### #.#
#..........###.###.# #.#
#..................# #.#
#........#####.##### #.###
.........# #.# #..†.


You could see a gnoll and an endoplasm.

Vanquished Creatures
  A dart slug (D:1)
  A bat (D:1)
  3 endoplasms (D:1)
  A giant cockroach (D:1)
  3 goblins (D:1)
  A hobgoblin (D:1)
  4 jackals (D:1)
  A quokka (D:1)
  A frilled lizard (D:1)
  A rat (D:1)
17 creatures vanquished.

Notes
Turn   | Place    | Note
-------+----------+-------------------------------------------
     0 | D:1      | Shayle the Djinni Warper began the quest for the Orb.
     0 | D:1      | Reached XP level 1. HP: 18/18 MP: 0/0
   378 | D:1      | Reached XP level 2. HP: 23/23 MP: 0/0
   702 | D:1      | Found Cajutuso's Armour Shop.
   863 | D:1      | Reached skill level 1 in Stealth
   965 | D:1      | Reached XP level 3. HP: 27/29 MP: 0/0
   965 | D:1      | Learned a level 1 spell: Beastly Appendage
  1306 | D:1      | Slain by a gnoll

Illustrated notes

Levels and vault maps discovered:
D:1:      moated_graveyard_arrival, layout_loops_corners, serial_shops, shop

Skill      XL: |  1  2 |
---------------+-------+-----
Stealth        | 1 |  1.1
Fighting       | |  2.5
Throwing       | |  0.7
Armour         | |  1.0
Dodging        | |  2.7
Unarmed Combat | |  2.0
Spellcasting   | |  2.4

Action                   || total
-------------------------++-------
Melee: Unarmed           ||    86
       Punch             ||     1
Throw: Boomerang         ||     5
  Use: Scroll            ||     1
 Stab: Sleeping          ||     1
Armor: Leather armour    ||    21
Dodge: Dodged            ||    48

Table legend: (Time is in decaauts)
 A = Elapsed time spent in this place.
 B = Non-inter-level travel time spent in this place.
 C = Inter-level travel time spent in this place.
 D = Time resting spent in this place.
 E = Time spent auto-exploring this place.
 F = Levels seen in this place.
 G = Mean time per level.
                   A        B        C        D        E       F      G
               +--------+--------+--------+--------+--------+-----+--------+
         Total |   1303 |   1303 |      0 |    142 |    918 |   1 | 1303.0 |
       Dungeon |   1303 |   1303 |      0 |    142 |    918 |   1 | 1303.0 |
               +--------+--------+--------+--------+--------+-----+--------+

Top non-repeatable levels by time:
     D:1: 1303 daAuts
